 Dungeon Crawl Stone Soup version 0.27-b1-42-g19c61b19a5 (webtiles) character file.

Game seed: 12497761125868737231

209 Naeght the Skirmisher (level 5, -1/47 HPs)
             Began as a Minotaur Fighter on July 29, 2021.
             Was an Initiate of Trog.
             Slain by a +2 quarterstaff of speed (6 damage)
             ... created by the rancor of the Wu Jian Council
             ... on level 2 of the Dungeon.
             The game lasted 00:04:37 (1848 turns).

Naeght the Skirmisher (Minotaur Fighter)            Turns: 1848, Time: 00:04:38

Health: -1/47      AC:  7    Str: 22    XL:     5   Next: 55%
Magic:  4/4        EV:  8    Int:  5    God:    Trog [......]
Gold:   176        SH:  9    Dex:  9    Spells: 4/4 levels left

rFire    . . .     SeeInvis .   a - +0 long sword
rCold    . . .     Faith    .   c - +0 kite shield
rNeg     . . .     Spirit   .   b - +0 scale mail
rPois    .         Reflect  .   (helmet restricted)
rElec    .         Harm     .   (no cloak)
rCorr    .         Rampage  .   (no gloves)
Will     +....                  (no boots)
Stlth    ..........             (no amulet)
HPRegen  0.15/turn              i - ring of willpower
MPRegen  0.09/turn              (no ring)

@: spiked, flying
A: horns 2, retaliatory headbutt
a: Renounce Religion


You were on level 2 of the Dungeon.
You worshipped Trog.
Trog was noncommittal.
You visited 1 branch of the dungeon, and saw 3 of its levels.

You collected 176 gold pieces.

Inventory:

Hand Weapons
 a - a +0 long sword (weapon)
Armour
 b - a +0 scale mail (worn)
 c - a +0 kite shield (worn)
 l - a +0 pair of gloves
Jewellery
 i - a ring of willpower (left hand)
Wands
 j - a wand of iceblast (7)
Scrolls
 f - a scroll of immolation {unknown}
 g - a scroll of summoning {unknown}
 h - a scroll of blinking {unknown}
 k - 2 scrolls of teleportation {unknown}


   Skills:
 + Level 4.8 Fighting
 * Level 4.3 Long Blades
 + Level 4.6 Armour
 * Level 1.6 Dodging
 * Level 4.5 Shields


You had 4 spell levels left.
You didn't know any spells.
Your spell library contained the following spells:

 Spells                   Type           Power      Damage    Failure   Level
 Sublimation of Blood     Necr           0%         N/A       100%        2
 Wereblood                Tmut           0%         N/A       100%        2
 Frozen Ramparts          Ice            0%         1d2       100%        3
 Ice Form                 Ice/Tmut       0%         N/A       100%        4
 Summon Ice Beast         Ice/Summ       0%         N/A       100%        4
 Summon Hydra             Summ           0%         N/A       100%        7


Dungeon Overview and Level Annotations

Branches:
Dungeon (3/15)

Altars:
Trog
Wu Jian


Innate Abilities, Weirdness & Mutations

You have a pair of horns on your head.
You reflexively headbutt those who attack you in melee.


Message History

The +3 rapier of flaming burns you.
* * * LOW HITPOINT WARNING * * *
You block the +3 rapier of flaming's attack.
You hit the +3 rapier of flaming but do no damage.
The +3 rapier of flaming is lightly damaged.
You block the +3 rapier of flaming's attack.
Your shield and scale mail prevent you from hitting the +3 rapier of flaming.
The +3 rapier of flaming is lightly damaged.
You are no longer corroded.
You block the +3 rapier of flaming's attack.
You slash the +3 rapier of flaming!
You destroy the +3 rapier of flaming!
That felt strangely unrewarding.
You start resting.
Sifu Lu Zhishen says: Die by a thousand cuts!
The divine experience confuses you!
You are confused. 5 dancing weapons come into view.
There is a +2 quarterstaff of speed.
There is a +0 rapier of electrocution.
There is a +3 vorpal glaive.
There is a +3 vorpal dire flail.
There is a +3 vorpal dire flail.
You are too confused!
It was a potion of flight.
You feel very buoyant.
You fly up into the air.
It was a potion of curing.
You feel better.
You hit the +2 quarterstaff of speed but do no damage.
You headbutt the +2 quarterstaff of speed, but do no damage.
The +2 quarterstaff of speed hits you.
The +3 vorpal dire flail closely misses you.
You furiously retaliate!
You headbutt the +3 vorpal dire flail.
You block the +3 vorpal glaive's attack.
The +0 rapier of electrocution hits you.
The +2 quarterstaff of speed closely misses you.
The +3 vorpal dire flail hits you!
You hit the +3 vorpal dire flail.
You destroy the +3 vorpal dire flail!
That felt strangely unrewarding.
The +2 quarterstaff of speed hits you!
The +0 rapier of electrocution hits you but does no damage.
The +3 vorpal glaive hits you from afar!
* * * LOW HITPOINT WARNING * * *
x2 The +2 quarterstaff of speed hits you.
You die...

### ####
..# #((
#.# #(#
#.# #@##
#.# .#
#(.#
#.#####.#
##.#
#.#...#.##
#.#
#........#
#.#
#......#.#
#.#
##.....#
#.#
##...##
#.#
##.###.#
#.#


You could see 4 dancing weapons.

Vanquished Creatures
  Sigmund (D:2)
  9 dancing weapons (D:2)
  An adder (D:2)
  A worm (D:2)
  4 bats
  3 endoplasms (D:2)
  6 giant cockroaches
  5 goblins
  3 hobgoblins
  4 jackals (D:1)
  A quokka (D:2)
  3 ball pythons
  2 frilled lizards (D:1)
  3 kobolds
  4 rats
50 creatures vanquished.

Vanquished Creatures (others)
  3 fungi (D:1)
  3 plants (D:1)
  5 toadstools (D:1)
11 creatures vanquished.

Grand Total: 61 creatures vanquished

Notes
Turn   | Place    | Note
-------+----------+-------------------------------------------
     0 | D:1      | Naeght the Minotaur Fighter began the quest for the Orb.
     0 | D:1      | Reached XP level 1. HP: 19/19 MP: 0/0
   369 | D:1      | Reached XP level 2. HP: 27/27 MP: 1/1
   435 | D:1      | Found a faded altar of an unknown god.
   438 | D:1      | Became a worshipper of the Wu Jian Council
   438 | D:1      | Reached * piety under Wu Jian
   899 | D:2      | Reached XP level 3. HP: 32/33 MP: 2/2
   924 | D:2      | Found a bloodstained altar of Trog.
   934 | D:2      | Fell from the grace of Wu Jian
   934 | D:2      | Became a worshipper of Trog the Wrathful
  1162 | D:2      | Noticed Sigmund
  1197 | D:2      | Killed Sigmund
  1198 | D:2      | Reached skill level 1 in Dodging
  1198 | D:2      | Reached XP level 4. HP: 30/41 MP: 3/3
  1198 | D:2      | Reached XP level 5. HP: 34/47 MP: 4/4
  1510 | D:2      | Noticed a +1 broad axe of electrocution
  1510 | D:2      | Noticed a +4 broad axe of flaming
  1510 | D:2      | Noticed a +3 broad axe of flaming
  1510 | D:2      | Noticed a +4 broad axe of freezing
  1511 | D:2      | Killed a +4 broad axe of flaming
  1512 | D:2      | Killed a +3 broad axe of flaming
  1513 | D:2      | Killed a +1 broad axe of electrocution
  1514 | D:2      | Killed a +4 broad axe of freezing
  1595 | D:2      | Noticed a +2 great sword of flaming
  1595 | D:2      | Noticed a +3 rapier of flaming
  1595 | D:2      | Noticed a +4 dire flail of freezing
  1595 | D:2      | Noticed a +1 rapier of speed
  1595 | D:2      | Killed a +4 dire flail of freezing
  1598 | D:2      | Killed a +2 great sword of flaming
  1599 | D:2      | Killed a +1 rapier of speed
  1606 | D:2      | Killed a +3 rapier of flaming
  1845 | D:2      | Noticed a +2 quarterstaff of speed
  1845 | D:2      | Noticed a +0 rapier of electrocution
  1845 | D:2      | Noticed a +3 vorpal glaive
  1845 | D:2      | Noticed a +3 vorpal dire flail
  1845 | D:2      | Noticed a +3 vorpal dire flail
  1848 | D:2      | Killed a +3 vorpal dire flail
  1848 | D:2      | Slain by a +2 quarterstaff of speed

Illustrated notes

Levels and vault maps discovered:
D:1:      minmay_arrival_pointy, layout_loops_ring,
          shapermc_ecumenical_altar_mp_urbaneastern, glass_columns_a,
          minmay_gold_behind_fungi, minmay_misc_feat_pillars, nrook_uturn,
          corexii_corridor_pit
D:2:      layout_loops_ring, basic_altar, uniq_sigmund, uniq_crazy_yiuf_cottage
D:3:      layout_basic, general_overflow_altar

Skill      XL: |  1  2  3 |
---------------+----------+-----
Fighting       | 4 |  4.8
Armour         | 4 |  4.6
Long Blades    | 3 4 |  4.3
Shields        | 4 |  4.5
Dodging        | 1 |  1.6

Action                   |  1- 3 |  4- 6 || total
-------------------------+-------+-------++-------
Melee: Long sword        |    67 |    31 ||    98
       Headbutt          |    13 |     9 ||    22
Invok: Lunge             |     5 |       ||     5
       Whirlwind         |     3 |       ||     3
  Use: Potion            |       |     3 ||     3
Armor: Scale mail        |    30 |     9 ||    39
Dodge: Dodged            |    14 |     7 ||    21
Block: Kite shield       |    35 |    11 ||    46
       Rpst.: Long sword |     7 |       ||     7
